AoeStats
← thecartelflow

Black Forest

509766291Analyzed
2v2 RM · 6d ago on Sep 27, 2026· 45m 38s· 4 players
Game mode
Random Map
Map size
Medium (4 player)
Population
200
Speed
Normal
Resources
Standard
Victory
Conquest
Starting age
Dark Age
Ending age
Imperial Age
RankedLock teamsTeams togetherTeam positionsShared explorationLock speedFull tech treeHidden civsTurbo modeCheats
Victory
Defeat
🇺🇸 Spanish · United States
868
+14
🇺🇸 Persians · United States
865
+14
🇺🇸 Persians · United States
859
-43
🇮🇳 Tatars · India
778
-12
thecartelflow
0:43 Loom
16:08 Feudal Age
19:03 Wheelbarrow
22:24 Arson
32:51 Stone Mining
32:51 Gold Mining
32:52 Horse Collar
33:25 Bloodlines
32:39 Man-at-Arms
43:57 Padded Archer Armor
43:47 Fletching
44:03 Scale Barding Armor
devil
0:28 Loom
12:31 Feudal Age
13:51 Wheelbarrow
17:11 Town Watch
18:01 Wheelbarrow
19:42 Castle Age
17:47 Double-Bit Axe
20:52 Man-at-Arms
22:54 Long Swordsman
36:09 Imperial Age
34:34 Silk Armor
37:19 Wheelbarrow
38:16 Ballistics
39:21 Forging
39:06 Fletching
39:17 Padded Archer Armor
40:28 Forging
42:05 Leather Archer Armor
42:34 Bloodlines
42:59 Pikeman
KnucklePuckThyme
0:30 Loom
12:50 Feudal Age
13:36 Double-Bit Axe
16:04 Stone Mining
18:45 Fishing Lines
22:22 Man-at-Arms
24:19 Fletching
24:51 Forging
24:41 Scale Mail Armor
24:43 Padded Archer Armor
31:54 Castle Age
33:29 Iron Casting
32:51 Bodkin Arrow
33:01 Elite Skirmisher
33:49 Thumb Ring
34:16 Light Cavalry
34:57 Husbandry
35:09 Bloodlines
39:17 Imperial Age
37:33 Bow Saw
39:17 Wheelbarrow
40:21 Conscription
40:40 Fervor
42:06 Conscription
42:22 Caravan
43:18 Bracer
43:42 Redemption
43:55 Sanctity
44:26 Hand Cart
45:23 Two-Man Saw
43:56 Cavalier
45:33 Theocracy
45:26 Illumination
superhellenkeller
0:28 Loom
14:45 Feudal Age
15:43 Double-Bit Axe
15:41 Horse Collar
17:16 Town Watch
24:03 Castle Age
24:51 Bow Saw
24:48 Heavy Plow
27:54 Forging
27:50 Scale Barding Armor
27:36 Fletching
27:39 Fishing Lines
30:48 Imperial Age
29:26 Gillnets
33:01 Two-Man Saw
32:43 Bloodlines
33:43 Husbandry
34:02 Light Cavalry
35:51 Bodkin Arrow
36:59 Pikeman
37:40 Squires
38:26 Ballistics
38:02 Murder Holes
38:02 Halberdier
40:17 Heavy Camel Rider
43:01 Iron Casting
42:47 Chain Barding Armor
43:24 Scale Mail Armor
43:59 Heavy Scorpion
Connection lost

Rejoining the realm…

Still unreachable

The connection could not be restored.

Session expired

The server has moved on; the page needs a fresh start.